 Dungeon Crawl Stone Soup version 0.31.0-11-ge490571c62 (webtiles) character file.

Game seed: 6980508709636726775

9926 hawla the Cruncher (level 11, 0/62 HPs)
             Began as a Deep Elf Fire Elementalist on Jan 28, 2024.
             Was a Believer of Vehumet.
             Engulfed by an ice statue's freezing vapour (4 damage)
             ... in an ice cave.
             The game lasted 00:35:50 (11749 turns).

hawla the Cruncher (Deep Elf Fire Elementalist)    Turns: 11749, Time: 00:35:50

Health: 0/62       AC: 10    Str:  7    XL:     11   Next: 29%
Magic:  24/31      EV: 15    Int: 23    God:    Vehumet [**....]
Gold:   496        SH:  0    Dex: 15    Spells: 1/22 levels left

rFire   + + .        D - staff of Tomorrow {rPois rF+ Fire}
rCold   + . .        (no shield)
rNeg    . . .        t - +2 robe {rC+ rF+}
rPois   +            u - +1 helmet
rElec   .            F - +0 cloak
rCorr   .            m - +0 pair of gloves
SInv    .            (no boots)
Will    +....        k - amulet of regeneration
Stlth   +++          n - ring of magical power
HPRegen 1.90/turn    (no ring)
MPRegen 0.22/turn

%: no passive effects
@: no status effects
A: iridescent scales 1, regeneration 1, robust 1, sturdy frame 1
a: Renounce Religion


You were in an ice cave.
You worshipped Vehumet.
Vehumet was pleased with you.
You visited 2 branches of the dungeon, and saw 12 of its levels.
You also visited: Sewer, Bailey and Ice Cave.

You collected 670 gold pieces.
You spent 174 gold pieces at shops.

Inventory:

Hand Weapons
 x - a +0 quarterstaff
Armour
 m - a +0 pair of gloves (worn)
 p - a +1 robe of positive energy
 t - a +2 robe of resistance (worn)
 u - a +1 helmet (worn)
 F - a +0 cloak (worn)
Magical Staves
 g - a staff of conjuration
 D - the staff of Tomorrow (weapon) {rPois rF+ Fire}
   (You acquired it on level 8 of the Dungeon)

   [staff of fire]

   Base accuracy: +5 Base damage: 5 Base attack delay: 1.2 This weapon's minimum
   attack delay (0.6) is reached at skill level 12.
   rF+:       It protects you from fire.
   rPois:     It protects you from poison Fire: It increases the power of your
   Fire spells.
   It falls into the 'Staves' category.
   It is a one-handed weapon.
 E - a staff of earth
Jewellery
 k - an amulet of regeneration (around neck)
 n - a ring of magical power (left hand)
 r - an amulet of magic regeneration
Wands
 j - a wand of flame (15)
 o - a wand of mindburst (23) (quivered)
 w - a wand of paralysis (15)
Scrolls
 e - 3 scrolls of teleportation
 l - 3 scrolls of amnesia
 q - 3 scrolls of revelation
 v - a scroll of brand weapon
 y - 2 scrolls of fog
 G - a scroll of vulnerability {unknown}
 H - a scroll of fear {unknown}
Potions
 a - 2 potions of might
 b - a potion of magic
 c - 3 potions of mutation
 f - a potion of heal wounds
 h - 7 potions of brilliance {unknown}
 i - 4 potions of enlightenment
 s - 3 potions of haste {unknown}
 B - a potion of cancellation
Miscellaneous
 C - a lightning rod (4/4)


   Skills:
 - Level 2.0 Fighting
 + Level 12.6 Staves
 - Level 7.0 Dodging
 - Level 4.0 Stealth
 - Level 6.0 Spellcasting
 - Level 10.0 Conjurations
 - Level 2.0 Translocations
 - Level 4.0 Fire Magic
 - Level 3.0 Evocations


You had one spell level left.
You knew the following spells:

 Your Spells              Type           Power      Damage    Failure   Level
a - Foxfire               Conj/Fire      100%       2x1d9     1%          1
b - Scorch                Fire           74%        2d8       2%          2
c - Flame Wave            Conj/Fire      55%        2d13      4%          4
d - Iskenderun's Mystic   Conj/Tloc      34%        2d8       7%          4
e - Iskenderun's Battles  Conj           52%        2d10      3%          5
f - Fireball              Conj/Fire      27%        3d12      13%         5

Your spell library contained the following spells:

 Spells                   Type           Power      Damage    Failure   Level
 Stone Arrow              Conj/Erth      58%        3d10      3%          3
 Kiss of Death            Conj/Necr      100%       2d13      1%          1
 Sting                    Conj/Alch      100%       1d9       1%          1
 Slow                     Hex            24%        N/A       9%          1
 Volatile Blastmotes      Fire/Tloc      62%        2d15      8%          3
 Inner Flame              Hex/Fire       24%        N/A       11%         3
 Brom's Barrelling Bould  Conj/Erth      29%        2d5       11%         4
 Cigotuvi's Dreadful Rot  Necr/Alch/Air  12%        N/A       13%         2
 Ensorcelled Hibernation  Hex/Ice        12%        N/A       13%         2
 Mercury Vapours          Alch/Air       12%        N/A       13%         2
 Call Canine Familiar     Summ           6%         N/A       26%         3
 Confusing Touch          Hex            6%         N/A       26%         3
 Passwall                 Erth           6%         N/A       26%         3
 Sigil of Binding         Hex            6%         N/A       26%         3
 Summon Ice Beast         Ice/Summ       6%         N/A       26%         3
 Swiftness                Air            6%         N/A       26%         3
 Tukima's Dance           Hex            6%         N/A       26%         3
 Vampiric Draining        Necr           6%         2d6       26%         3
 Ignite Poison            Fire/Alch      24%        N/A       36%         4
 Passage of Golubria      Tloc           16%        N/A       36%         4
 Dimensional Bullseye     Hex/Tloc       5%         N/A       50%         4
 Freezing Cloud           Conj/Ice/Air   11%        6-21      52%         5
 Dispel Undead            Necr           6%         3d8       63%         4
 Leda's Liquefaction      Alch/Erth      3%         N/A       63%         4
 Olgreb's Toxic Radiance  Alch           6%         N/A       63%         4
 Orb of Destruction       Conj           26%        9d9       75%         7
 Bombard                  Conj/Erth      14%        9d3       86%         6
 Conjure Ball Lightning   Conj/Air       14%        3x3d6     86%         6
 Lee's Rapid Deconstruct  Erth           3%         3d5*      93%         5
 Summon Mana Viper        Hex/Summ       6%         N/A       93%         5
 Yara's Violent Unravell  Hex/Alch       3%         3d4       93%         5
 Sculpt Simulacrum        Ice/Alch       3%         N/A       100%        6
 Monstrous Menagerie      Summ           3%         N/A       100%        7
 Ozocubu's Refrigeration  Ice            3%         4d8       100%        7
 Polar Vortex             Ice            3%         N/A       100%        9


Dungeon Overview and Level Annotations

Branches:
Dungeon (11/15)            Temple (1/1) D:5            Lair (0/5) D:10
    Orc (0/2) D:11          Sewer (visited)          Bailey (visited)
  IceCv (1/1)

Altars:
Ashenzari
Cheibriados
Elyvilon
Fedhas
Hepliaklqana
Makhleb
Nemelex Xobeh
Qazlal
Ru
Sif Muna
Trog
Uskayaw
Vehumet
Xom
The Shining One

Shops:
D:2 !   D:9 [

Annotations:
Temple 2 transporters IceCv exclusion: 2 ice statues


Innate Abilities, Weirdness & Mutations

You are partially covered in iridescent scales. (AC +2)
Your natural rate of healing is unusually fast.
You are robust. (+10% HP)
Your movements are slightly less encumbered by armour. (ER -2)


Message History

You are engulfed in freezing vapours.
You resist.
The ice statue gestures.
The ice statue gestures at you. The shard of ice misses you.
A wave of flame ripples out!
The flame wave engulfs the ice beast!
The ice beast melts!
The ice beast is heavily wounded.
You hear a sizzling sound!
The flame wave engulfs the ice statue.
The ice statue melts!
The ice statue is moderately damaged.
You hear a sizzling sound!
You are engulfed in freezing vapours.
You resist.
The ice statue is no longer more vulnerable to fire.
The ice beast hits you but does no damage.
The ice statue gestures at you. The freezing blast misses you.
The ice statue gestures at you. The shard of ice hits you!
You partially resist.
A wave of flame ripples out!
You hear a sizzling sound! x5
The flame wave engulfs the ice beast.
The ice beast melts!
The ice beast is severely wounded.
You hear a sizzling sound! x2
The flame wave engulfs the ice statue.
The ice statue melts!
The ice statue is heavily damaged.
You hear a sizzling sound! x2
You finish channelling waves of flame.
You are engulfed in freezing vapours.
You resist.
* * * LOW HITPOINT WARNING * * *
Your battlesphere fires!
The barrage of energy hits the ice beast!
You kill the ice beast!
The ice beast disappears in a puff of smoke!
The ice statue gestures at you. The freezing blast misses you.
Okay, then.
You are engulfed in freezing vapours.
You resist.
* * * LOW HITPOINT WARNING * * *
Your battlesphere is engulfed in freezing vapours.
You are engulfed in freezing vapours.
You resist.
You die...

##...# #...##
#...## #....##
#.....#...#
###.####..# ##
##..## #..##
##○@## #
##8#..○○#8##
#.....*○☼..#
.......○§○...#
........§.....#
...............#
...............#
..............##
##...........##


You could see a friendly battlesphere.

Vanquished Creatures
  An orc warlord (Bailey)
  Snorg (D:11)
  2 two-headed ogres
  A cyclops (D:11)
  3 rime drakes
  A hornet (D:10)
  A troll (D:5)
  Sigmund (D:3)
  7 yaks
  A wyvern (D:10)
  Menkaure (D:4)
  An acid dragon (D:11)
  2 water moccasins
  A black bear (D:4)
  7 orc warriors
  3 ice beasts
  2 sky beasts
  2 crocodiles (Sewer)
  4 centaurs
  2 phantoms
  Blork the orc (D:4)
  2 kobold brigands (D:8)
  5 bullfrogs
  A gnoll sergeant (D:7)
  2 scorpions (D:5)
  4 wights (D:10)
  A lindwurm simulacrum (IceCv)
  5 killer bees (D:9)
  4 howler monkeys
  A jelly (D:6)
  3 komodo dragon simulacra (IceCv)
  2 orc priests
  2 hounds
  3 iguanas
  6 orc wizards
  A malarious merfolk avatar (Sewer)
  A sickly merfolk siren (Sewer)
  Robin (D:3)
  4 gnolls
  An acid dragon simulacrum (IceCv)
  7 adders
  A river rat (Sewer)
  A shadow imp (D:7)
  3 white imps
  4 ufetubi
  A steam dragon simulacrum (IceCv)
  2 dart slugs
  A ribbon worm (D:3)
  18 orcs
  4 bats
  8 endoplasms
  6 giant cockroaches
  11 goblins
  16 hobgoblins
  3 jackals (D:2)
  9 quokkas
  11 ball pythons
  4 frilled lizards
  22 kobolds
  20 rats
246 creatures vanquished.

Vanquished Creatures (others)
  294 foxfires
294 creatures vanquished.

Grand Total: 540 creatures vanquished

Notes
Turn   | Place    | Note
-------+----------+-------------------------------------------
     0 | D:1      | hawla the Deep Elf Fire Elementalist began the quest for
                  | the Orb.
     0 | D:1      | Reached XP level 1. HP: 10/10 MP: 6/6
   209 | D:1      | Reached XP level 2. HP: 14/15 MP: 5/8
   235 | D:1      | Found a faded altar of an unknown god.
  1289 | D:2      | Identified the +0 ring mail of Restlessness {rF+ Will+ MP+9
                  | Dex-4}
  1328 | D:2      | Learned a level 2 spell: Scorch
  1608 | D:2      | Reached XP level 3. HP: 19/19 MP: 6/9
  1652 | D:2      | Found Ocaonos's Distillery.
  1917 | D:2      | Bought a potion of curing for 30 gold pieces
  2246 | D:3      | Found a glowing drain.
  2255 | Sewer    | Entered a sewer
  2265 | Sewer    | Reached skill level 5 in Dodging
  2389 | Sewer    | Reached XP level 4. HP: 24/24 MP: 3/10
  2544 | Sewer    | Noticed a crocodile
  2565 | Sewer    | HP: 1/24 [crocodile (3)]
  2642 | Sewer    | Noticed a crocodile
  2654 | Sewer    | Killed a crocodile
  2655 | Sewer    | Reached XP level 5. HP: 19/28 MP: 5/11
  2773 | Sewer    | Killed a crocodile
  2837 | Sewer    | Learned a level 4 spell: Flame Wave
  2861 | Sewer    | Reached XP level 6. HP: 32/32 MP: 8/12
  3387 | D:3      | Noticed Robin
  3403 | D:3      | Killed Robin
  3510 | D:3      | Found a shimmering altar of Xom.
  3511 | D:3      | Found a hazy altar of Hepliaklqana.
  3511 | D:3      | Noticed a will-o-the-wisp
  3513 | D:3      | Noticed a spectral ugly thing
  3513 | D:3      | Noticed a will-o-the-wisp
  3513 | D:3      | Noticed a will-o-the-wisp
  3540 | D:3      | Noticed Sigmund
  3551 | D:3      | Killed Sigmund
  4006 | D:4      | Noticed Blork the orc
  4012 | D:4      | Killed Blork the orc
  4013 | D:4      | Reached XP level 7. HP: 28/36 MP: 12/13
  4503 | D:4      | Identified the +5 sling of Pez Zirr {antimagic, Int+3}
  4647 | D:4      | Noticed Menkaure
  4651 | D:4      | Killed Menkaure
  4652 | D:4      | Reached skill level 1 in Staves
  4788 | D:4      | Reached skill level 2 in Staves
  5103 | D:4      | Reached skill level 3 in Staves
  5245 | D:5      | Entered Level 5 of the Dungeon
  5251 | D:5      | Reached XP level 8. HP: 41/41 MP: 14/14
  5396 | D:5      | Learned a level 4 spell: Iskenderun's Mystic Blast
  5433 | D:5      | Identified the +4 ring mail of the Ant {rC+ Regen+ SInv}
  5553 | D:5      | Reached skill level 1 in Evocations
  5668 | D:5      | Found a staircase to the Ecumenical Temple.
  5783 | D:5      | Noticed a troll
  5784 | D:5      | Noticed a two-headed ogre
  5786 | D:5      | Killed a troll
  5787 | D:5      | Reached skill level 4 in Staves
  5792 | D:5      | Killed a two-headed ogre
  5793 | D:5      | Reached skill level 6 in Staves
  5793 | D:5      | Reached XP level 9. HP: 11/45 MP: 8/15
  6212 | Temple   | Found a transporter.
  6212 | Temple   | Found a transporter.
  6212 | Temple   | Found a transporter.
  6212 | Temple   | Found a transporter.
  6212 | Temple   | Entered the Ecumenical Temple
  6230 | Temple   | Became a worshipper of Vehumet
  6352 | D:6      | Reached skill level 7 in Staves
  6509 | D:6      | You fall into a shaft and drop 1 floor!
  6564 | D:7      | Reached skill level 8 in Staves
  7547 | D:7      | Reached skill level 9 in Staves
  7774 | D:8      | Found a flagged portal.
  7848 | Bailey   | Entered a bailey
  7855 | Bailey   | Learned a level 5 spell: Iskenderun's Battlesphere
  7859 | Bailey   | Noticed an orc warlord
  7921 | Bailey   | Reached * piety under Vehumet
  7921 | Bailey   | Offered knowledge of Sting by Vehumet.
  8088 | Bailey   | Found a runed translucent gate.
  8091 | Bailey   | Found a runed translucent gate.
  8092 | Bailey   | Found a runed translucent gate.
  8437 | Bailey   | Killed an orc warlord
  8438 | Bailey   | Reached XP level 10. HP: 24/50 MP: 6/18
  8550 | D:8      | Acquired the staff of Tomorrow {rPois rF+ Fire}
  8859 | D:8      | Reached skill level 10 in Conjurations
  8930 | D:8      | Found a shimmering blue altar of Sif Muna.
  8937 | D:8      | Gained mutation: Your movements are slightly less
                  | encumbered by armour. (ER -2) [potion of mutation]
  8937 | D:8      | Gained mutation: You are robust. (+10% HP) [potion of
                  | mutation]
  8937 | D:8      | Gained mutation: Your natural rate of healing is unusually
                  | fast. [potion of mutation]
  8937 | D:8      | Gained mutation: You are partially covered in iridescent
                  | scales. (AC +2) [potion of mutation]
  8986 | D:8      | Reached ** piety under Vehumet
  9121 | D:8      | Offered knowledge of Searing Ray by Vehumet.
  9123 | D:8      | Reached skill level 1 in Fighting
  9767 | D:9      | Reached skill level 5 in Spellcasting
 10041 | D:9      | Found Bosupoc's Antique Armour Shop.
 10086 | D:9      | Bought a cloak for 144 gold pieces
 10409 | D:10     | Entered Level 10 of the Dungeon
 10582 | D:10     | Found a staircase to the Lair.
 10631 | D:10     | Learned a level 5 spell: Fireball
 10654 | D:10     | Noticed a two-headed ogre
 10663 | D:10     | Killed a two-headed ogre
 10664 | D:10     | Reached skill level 10 in Staves
 10834 | D:10     | Reached skill level 11 in Staves
 11006 | D:10     | Found a sparkling altar of Nemelex Xobeh.
 11256 | D:11     | Noticed a cyclops
 11270 | D:11     | Killed a cyclops
 11273 | D:11     | Reached XP level 11. HP: 39/62 MP: 16/22
 11407 | D:11     | Noticed Snorg
 11464 | D:11     | HP: 1/62 [Snorg (16)]
 11465 | D:11     | Killed Snorg
 11466 | D:11     | Reached skill level 12 in Staves
 11495 | D:11     | Found a frozen archway.
 11501 | D:11     | Offered knowledge of Stone Arrow by Vehumet.
 11612 | IceCv    | Entered an ice cave
 11748 | IceCv    | HP: 2/62 [something] (11)]
 11749 | IceCv    | Engulfed by an ice statue's freezing vapour

Illustrated notes

Levels and vault maps discovered:
D:1:      sevenhm_arrival_forest_fort_large_2, layout_basic,
          hellmonk_ecumenical_altar_lost_god
D:2:      layout_basic, serial_shops, nicolae_diamond_shop
D:3:      layout_loops_ring, regret_index_temple_of_mockery,
          portal_sewer_entry_d, minmay_misc_feat_square, uniq_sigmund,
          uniq_robin
D:4:      layout_basic, minmay_crystal_water, uniq_blork_the_orc, uniq_menkaure
D:5:      layout_loops_ring, temple_statues, moated_statue, minmay_small_thing
D:6:      layout_basic, minitemple, minmay_hollow_rounded_squares
D:7:      layout_basic
D:8:      layout_loops_corners, mainiacjoe_overflow_24_doors, enter_bailey_8
D:9:      layout_gridville, serial_shops, nicolae_shop_statue_plus,
          library_closet
D:10:     layout_irregular_city, nemelex_xobeh_ov_fountains_minmay,
          lair_entry_dummy
D:11:     minmay_bloctagon_deflated, layout_loops_ring, orc_0_dummy,
          portal_ice_cave_rime, uniq_snorg
Temple:   hellmonk_temple_divided_pantheon
IceCv:    ice_cave_small_dragons

Skill      XL: |  1  2  3  4  5  6  7  8  9 10 11 |
---------------+----------------------------------+-----
Dodging        | 3 4 5 6 7 |  7.0
Conjurations   | 2 4 6 8 9 10 | 10.0
Staves         | 3 6 9 11 12 | 12.6
Stealth        | 3 4 |  4.0
Translocations | 2 |  2.0
Evocations     | 3 |  3.0
Spellcasting   | 4 6 |  6.0
Fire Magic     | 4 |  4.0
Fighting       | 2 |  2.0

Action                     |  1- 3 |  4- 6 |  7- 9 | 10-12 || total
---------------------------+-------+-------+-------+-------++-------
  Melee: Unarmed           |     8 |     1 |       |       ||     9
         Punch             |     1 |     1 |     2 |       ||     4
         Staff             |       |    35 |    83 |    40 ||   158
         Quarterstaff      |       |       |       |    27 ||    27
   Cast: Foxfire           |    55 |    27 |    73 |    17 ||   172
         Scorch            |     8 |    31 |    76 |    26 ||   141
         Flame Wave        |       |     2 |    13 |    16 ||    31
         Iskenderun's Batt |       |       |     4 |     8 ||    12
         Iskenderun's Myst |       |       |     1 |    12 ||    13
  Evoke: Wand              |       |       |       |     3 ||     3
         Lightning rod     |       |       |       |     1 ||     1
    Use: Scroll            |     2 |     5 |     5 |     7 ||    19
         Potion            |       |     5 |     2 |     6 ||    13
   Stab: Sleeping          |       |     4 |     3 |     2 ||     9
         Paralysed         |       |       |       |     8 ||     8
 Armour: Robe              |     9 |    40 |    81 |    97 ||   227
         Skin              |       |       |     2 |       ||     2
  Dodge: Dodged            |     6 |    60 |   123 |    92 ||   281
